 Dungeon Crawl Stone Soup version 0.27-a0-1595-g0b823d0a13 (webtiles) character file.

Game seed: 12994073148867422007

10980 duskshroud the Grappler (level 11, -8/94 HPs)
             Began as a Troll Hunter on July 20, 2021.
             Was a Priest of Wu Jian.
             Mangled by a seven-headed hydra (10 damage)
             ... on level 1 of the Lair of Beasts.
             The game lasted 00:43:51 (8718 turns).

duskshroud the Grappler (Troll Hunter)              Turns: 8718, Time: 00:43:51

Health: -8/94      AC: 13    Str: 22    XL:     11   Next: 43%
Magic:  10/10      EV:  7    Int:  7    God:    Wu Jian [***...]
Gold:   78         SH:  0    Dex: 13    Spells: 10/10 levels left

rFire    . . .     SeeInvis +   b - +1 spear (flame)
rCold    . . .     Faith    .   (no shield)
rNeg     + . .     Spirit   .   n - +0 pearl dragon scales
rPois    .         Reflect  .   (helmet restricted)
rElec    .         Harm     .   B - +0 cloak
rCorr    .         Rampage  .   (gloves unavailable)
Will     .....                  (boots unavailable)
Stlth    ..........             p - amulet of regeneration
HPRegen  2.25/turn              E - ring of see invisible
MPRegen  0.12/turn              (no ring)

@: serpent's lash
A: large, unfitting armour, claws 3, regeneration 1, shaggy fur 1, tough skin 1
a: Renounce Religion, Wall Jump, Serpent's Lash


You were on level 1 of the Lair of Beasts.
You worshipped Wu Jian.
Wu Jian was most pleased with you.
You visited 3 branches of the dungeon, and saw 12 of its levels.

You collected 456 gold pieces.
You spent 378 gold pieces at shops.

Inventory:

Hand Weapons
 b - a +1 spear of flaming (weapon)
 j - a +0 flail of draining
 t - a +3 spear
Missiles
 c - 5 large rocks
 h - 20 poisoned darts (quivered)
Armour
 n - +0 pearl dragon scales (worn)
 B - a +0 cloak (worn)
Jewellery
 p - an amulet of regeneration (around neck)
 E - a ring of see invisible (left claw)
Wands
 a - a wand of acid (7)
 e - a wand of paralysis (7)
 s - a wand of flame (18)
 H - a wand of iceblast (8)
Scrolls
 f - 7 scrolls of teleportation
 g - a scroll of holy word {unknown}
 i - 3 scrolls of enchant weapon
 k - a scroll of summoning {unknown}
 m - 3 scrolls of fog
 q - 3 scrolls of blinking {unknown}
 u - a scroll of silence {unknown}
 x - 2 scrolls of fear
 y - a scroll of enchant armour {unknown}
 A - a scroll of immolation {unknown}
 C - a scroll of identify
 D - a scroll of torment {unknown}
 G - a scroll of amnesia {unknown}
Potions
 d - a potion of berserk rage
 l - 3 potions of lignification
 r - 2 potions of flight
 z - a potion of might {unknown}
 F - 2 potions of heal wounds {unknown}
 I - a potion of curing
 J - a potion of mutation {unknown}


   Skills:
 * Level 2.5 Fighting
 - Level 12.0 Throwing
 - Level 1.5 Dodging
 - Level 0.3 Stealth
 + Level 12.5 Unarmed Combat


You had 10 spell levels left.
You didn't know any spells.
Your spell library contained the following spells:

 Spells                   Type           Power      Damage    Failure   Level
 Sandblast                Erth           0%         2d4       85%         1
 Passwall                 Tmut/Erth      0%         N/A       94%         2
 Lee's Rapid Deconstruct  Erth           0%         3d5*      100%        5


Dungeon Overview and Level Annotations

Branches:
Dungeon (10/15)            Temple (1/1) D:5            Lair (1/6) D:10
    Orc (0/2) D:10

Altars:
Ashenzari
Cheibriados
Dithmenos
Elyvilon
Fedhas
Gozag
Hepliaklqana
Kikubaaqudgha
Makhleb
Nemelex Xobeh
Okawaru
Qazlal
Ru
Sif Muna
Trog
Uskayaw
Vehumet
Wu Jian
Xom
Yredelemnul
Zin
The Shining One

Shops:
D:3 (   D:8 :?(:   D:10 !

Annotations:
D:8 1 exclusion


Innate Abilities, Weirdness & Mutations

You are too large for most types of armour.
You have claws for hands.
Your natural rate of healing is unusually fast.
You are covered in fur. (AC +1)
You have tough skin. (AC +1)


Message History

The seven-headed hydra bites you but does no damage.
The seven-headed hydra barely misses you.
The seven-headed hydra bites you but does no damage.
The seven-headed hydra bites you.
You puncture the seven-headed hydra! You burn the seven-headed hydra.
The seven-headed hydra is moderately wounded.
The seven-headed hydra bites you.
The seven-headed hydra bites you but does no damage.
The seven-headed hydra barely misses you.
The seven-headed hydra bites you but does no damage.
The seven-headed hydra bites you! x2
The seven-headed hydra bites you but does no damage.
Your muscles tense, ready for explosive movement...
You hit the seven-headed hydra. You burn the seven-headed hydra.
You claw the seven-headed hydra!
The seven-headed hydra is heavily wounded.
The seven-headed hydra bites you!
The seven-headed hydra barely misses you.
The seven-headed hydra closely misses you.
The seven-headed hydra bites you.
The seven-headed hydra bites you but does no damage.
The seven-headed hydra bites you! The seven-headed hydra bites you.
You hit the seven-headed hydra but do no damage.
The seven-headed hydra is heavily wounded.
The seven-headed hydra bites you but does no damage. x5
The seven-headed hydra bites you. The seven-headed hydra bites you!
* * * LOW HITPOINT WARNING * * *
The seven-headed hydra bites you.
* * * LOW HITPOINT WARNING * * *
The seven-headed hydra bites you!
* * * LOW HITPOINT WARNING * * *
The seven-headed hydra bites you but does no damage.
The seven-headed hydra bites you.
* * * LOW HITPOINT WARNING * * *
The seven-headed hydra bites you.
* * * LOW HITPOINT WARNING * * *
The seven-headed hydra bites you.
* * * LOW HITPOINT WARNING * * *
The seven-headed hydra bites you!
You die...

#... #..# .# ##.Y.
.. ...# .# ##..#
#.## #...## #.P#
#....####...#
##..###Y##.#
#....).YD@.# ##
###.######.##P#.##
##^.# #.<...P#
#..## #.######
##.## #..# #..#
##.## #F#######..#
#.###..##..##
#§†.........#


You could see a seven-headed hydra and 2 yaks.

Vanquished Creatures
  2 two-headed ogres
  Pikel (D:8)
  An ugly thing (D:10)
  An elephant (D:10)
  2 trolls
  A slime creature (D:8)
  3 shadows
  11 yaks
  3 wyverns
  Eustachio (D:5)
  4 steam dragons
  3 vampire mosquitoes
  Menkaure (D:5)
  An acid dragon (D:7)
  A warg (D:10)
  2 water moccasins
  A hornet zombie (D:8)
  4 orc warriors
  2 sky beasts
  2 ice beasts
  A black bear (D:10)
  An ogre (D:6)
  A necrophage (D:6)
  2 phantoms (D:5)
  6 centaurs
  A kobold brigand (D:7)
  A gnoll sergeant (D:6)
  6 bullfrogs
  4 scorpions
  A killer bee (D:8)
  A wight (D:8)
  3 howler monkeys
  A bullfrog zombie (D:5)
  A hound (D:5)
  A jelly (D:7)
  6 orc priests
  3 bullfrog skeletons
  4 iguanas
  Jessica (D:2)
  2 gnoll shamans
  12 orc wizards
  A killer bee zombie (D:8)
  A hound skeleton (D:4)
  A howler monkey zombie (D:7)
  15 gnolls
  5 adders
  A shadow imp (D:8)
  An ufetubus (D:4)
  3 worms
  7 dart slugs
  21 orcs
  3 ball pythons
  4 endoplasms
  5 giant cockroaches
  10 hobgoblins
  14 jackals
  4 quokkas
  4 bats
  4 frilled lizards
  5 goblins
  A jackal skeleton (D:4)
  5 kobolds
  6 rats
227 creatures vanquished.

Vanquished Creatures (others)
  A fungus (D:10)
  5 plants
6 creatures vanquished.

Grand Total: 233 creatures vanquished

Notes
Turn   | Place    | Note
-------+----------+-------------------------------------------
     0 | D:1      | duskshroud the Troll Hunter began the quest for the Orb.
     0 | D:1      | Reached XP level 1. HP: 19/19 MP: 0/0
    97 | D:1      | Reached skill level 1 in Unarmed Combat
   175 | D:1      | Reached XP level 2. HP: 27/27 MP: 1/1
   421 | D:1      | Found a faded altar of an unknown god.
   958 | D:2      | Reached XP level 3. HP: 31/33 MP: 2/2
  1260 | D:2      | Noticed Jessica
  1286 | D:2      | Killed Jessica
  1287 | D:2      | Reached XP level 4. HP: 41/41 MP: 3/3
  1610 | D:3      | Reached XP level 5. HP: 43/48 MP: 4/4
  1764 | D:3      | Found Emab's Antique Weapon Shop.
  2324 | D:4      | Reached XP level 6. HP: 54/55 MP: 5/5
  2470 | D:4      | Reached skill level 5 in Unarmed Combat
  2504 | D:5      | Entered Level 5 of the Dungeon
  2504 | D:5      | Found a staircase to the Ecumenical Temple.
  2513 | D:5      | Reached skill level 5 in Throwing
  2517 | Temple   | Entered the Ecumenical Temple
  2764 | Temple   | Became a worshipper of the Wu Jian Council
  3062 | D:5      | Found an iron altar of Okawaru.
  3090 | D:5      | Reached XP level 7. HP: 52/62 MP: 6/6
  3197 | D:5      | Found a broken altar of Ashenzari.
  3197 | D:5      | Identified the +5 ring mail "Weoc Sai" {rF- Int+4 Slay+6}
  3237 | D:5      | Noticed Eustachio
  3243 | D:5      | Killed Eustachio
  3269 | D:5      | Noticed Menkaure
  3277 | D:5      | Killed Menkaure
  3471 | D:5      | Reached XP level 8. HP: 70/70 MP: 7/7
  3720 | D:6      | Reached * piety under Wu Jian
  3927 | D:6      | Found a bloodstained altar of Trog.
  4147 | D:6      | Found a burning altar of Makhleb.
  4331 | D:6      | Reached XP level 9. HP: 56/76 MP: 8/8
  5030 | D:7      | Reached skill level 10 in Unarmed Combat
  5527 | D:7      | Reached ** piety under Wu Jian
  5714 | D:8      | Found Neunk's Antique Weapon Shop.
  5730 | D:8      | Found Gaurez's Magic Scroll Boutique.
  5739 | D:8      | Bought a scroll of noise for 13 gold pieces
  5739 | D:8      | Bought a scroll of fear for 45 gold pieces
  5739 | D:8      | Bought a scroll of identify for 26 gold pieces
  5739 | D:8      | Bought a scroll of teleportation for 39 gold pieces
  5739 | D:8      | Bought a scroll of identify for 26 gold pieces
  5739 | D:8      | Bought a scroll of fog for 26 gold pieces
  5739 | D:8      | Bought a scroll of teleportation for 39 gold pieces
  5739 | D:8      | Bought a scroll of identify for 26 gold pieces
  5739 | D:8      | Bought a scroll of teleportation for 39 gold pieces
  5739 | D:8      | Bought a scroll of teleportation for 39 gold pieces
  5743 | D:8      | Identified 2 scrolls of acquirement
  5862 | D:8      | Found Geaqej's Book Emporium.
  5953 | D:8      | HP: 2/76 [orc warrior (5)]
  6139 | D:8      | Reached XP level 10. HP: 85/85 MP: 9/9
  6390 | D:8      | Noticed a two-headed ogre
  6390 | D:8      | Noticed a boulder beetle
  6869 | D:8      | Found Qarogik's Book Shop.
  6882 | D:8      | Noticed Pikel
  6890 | D:8      | Killed Pikel
  6891 | D:8      | Reached skill level 10 in Throwing
  7268 | D:9      | Noticed a two-headed ogre
  7289 | D:9      | Killed a two-headed ogre
  7849 | D:10     | Entered Level 10 of the Dungeon
  7862 | D:10     | Reached XP level 11. HP: 92/92 MP: 10/10
  7912 | D:10     | Found a staircase to the Lair.
  7992 | D:10     | Reached *** piety under Wu Jian
  7995 | D:10     | Noticed a purple ugly thing
  8040 | D:10     | Noticed a two-headed ogre
  8046 | D:10     | Killed a two-headed ogre
  8056 | D:10     | Found a staircase to the Orcish Mines.
  8287 | D:10     | Killed a purple ugly thing
  8454 | D:10     | Found Forider's Distillery.
  8463 | D:10     | Bought a potion of berserk rage for 60 gold pieces
  8474 | D:10     | Noticed a two-headed ogre
  8628 | D:10     | Acquired an amulet of regeneration
  8635 | D:10     | Acquired +0 pearl dragon scales
  8650 | Lair:1   | Entered Level 1 of the Lair of Beasts
  8697 | Lair:1   | Identified the +8 mace of Junoh {pain, Drain rPois rC-
                  | Int+8}
  8706 | Lair:1   | Noticed a seven-headed hydra
  8718 | Lair:1   | HP: 2/94 [seven-headed hydra (4)]
  8718 | Lair:1   | Mangled by a seven-headed hydra

Illustrated notes

Levels and vault maps discovered:
D:1:      shiori_shiawase, layout_basic, serial_forest,
          infiniplex_forest_lined_1, infiniplex_forest_side_room,
          infiniplex_forest_lined_2, infiniplex_forest_split,
          infiniplex_forest_lined_corner, infiniplex_forest_clump_small,
          infiniplex_forest_lined_2, infiniplex_forest_clump_long,
          infiniplex_forest_clump_tiny, infiniplex_forest_end_3,
          hellmonk_ecumenical_altar_heavens_door, minmay_misc_feat_plants
D:2:      layout_loops_ring, serial_glass, glass_columns_a, glass_columns_b,
          uniq_jessica
D:3:      layout_rooms, serial_shops, shop
D:4:      layout_rooms, hangedman_abyss_or_decor_lesser_grid
D:5:      layout_loops_ring, grunt_temple_overflow_open,
          minmay_temple_entry_gardened_gates, uniq_menkaure, uniq_eustachio
D:6:      layout_basic, bloody_trog, mainiacjoe_overflow_small_starburst,
          minivault_14
D:7:      minmay_recursive_quarters, layout_rooms
D:8:      minmay_the_grid_square_5x5_3x3
          [minmay_the_grid_square_5x5_intrusive_squares,
          minmay_the_grid_square_5x5_misaligned,
          minmay_the_grid_square_5x5_eight, minmay_the_grid_square_5x5_empty,
          minmay_the_grid_square_5x5_megaprize_open,
          minmay_the_grid_square_5x5_v, minmay_the_grid_square_5x5_two_walls_a,
          minmay_the_grid_square_5x5_trominoes,
          minmay_the_grid_square_5x5_hollow_slash], layout_loops_ring,
          serial_shops, shop_fountains, shop_fountains, shop_fountains,
          kennysheep_mini, dk_noncrumbling_2, patterned_corridor, uniq_pikel
D:9:      layout_loops_ring
D:10:     layout_roguey, david_lair_generic, david_orc_3, serial_shops,
          shop_statue
Temple:   dpeg_five_rooms_temple
Lair:1:   layout_loops_ring, portal_ice_cave_rime, kennysheep_rathole

Skill      XL: |  1  2  3  4  5  6  7  8  9 10 11 |
---------------+----------------------------------+-----
Unarmed Combat | 1 2 3 4 6 7 9 11 12 | 12.5
Throwing       | 4 5 6 7 9 11 12 | 12.0
Fighting       | 2 |  2.5
Dodging        | |  1.5
Stealth        | |  0.3

Action                   |  1- 3 |  4- 6 |  7- 9 | 10-12 || total
-------------------------+-------+-------+-------+-------++-------
Melee: Unarmed           |   114 |   156 |   189 |   248 ||   707
       Punch             |     1 |     2 |     5 |    16 ||    24
       Spear             |       |       |       |     8 ||     8
Throw: Dart              |     4 |    21 |   129 |    38 ||   192
       Throwing net      |       |       |     2 |     2 ||     4
       Large rock        |       |       |     2 |     1 ||     3
Invok: Lunge             |       |     1 |    15 |    13 ||    29
       Whirlwind         |       |       |     1 |    19 ||    20
       Serpent's Lash    |       |       |       |     3 ||     3
 Abil: Wall Jump         |       |       |       |     1 ||     1
  Use: Scroll            |       |       |     6 |     2 ||     8
       Potion            |       |       |     4 |     1 ||     5
 Stab: Sleeping          |     1 |     1 |       |     2 ||     4
       Distracted        |       |       |     1 |       ||     1
Armor: Robe              |    44 |    33 |    32 |       ||   109
       Steam dragon scal |       |       |       |    48 ||    48
       Pearl dragon scal |       |       |       |    16 ||    16
       Skin              |       |       |       |     7 ||     7
Dodge: Dodged            |    49 |    70 |    79 |    82 ||   280

Table legend: (Time is in decaauts)
 A = Elapsed time spent in this place.
 B = Non-inter-level travel time spent in this place.
 C = Inter-level travel time spent in this place.
 D = Time resting spent in this place.
 E = Time spent auto-exploring this place.
 F = Levels seen in this place.
 G = Mean time per level.
                   A        B        C        D        E       F      G
               +--------+--------+--------+--------+--------+-----+--------+
         Total |   8582 |   8310 |    272 |    521 |   5056 |  12 |  715.2 |
       Dungeon |   8219 |   8031 |    188 |    521 |   4851 |  10 |  821.9 |
        Temple |    298 |    214 |     84 |      0 |    205 |   1 |  298.0 |
          Lair |     64 |     64 |      0 |      0 |      0 |   1 |   64.0 |
               +--------+--------+--------+--------+--------+-----+--------+

Top non-repeatable levels by time:
     D:8: 1267 daAuts
     D:7: 1058 daAuts
     D:6: 1047 daAuts
     D:1: 895 daAuts
     D:9: 875 daAuts
     D:5: 860 daAuts
     D:2: 669 daAuts
    D:10: 625 daAuts
     D:4: 499 daAuts
     D:3: 419 daAuts
  Temple: 298 daAuts
  Lair:1: 64 daAuts
